 Dungeon Crawl Stone Soup version 0.31-a0-259-g771a54ca4b (webtiles) character file.

Game seed: 4084569493995935587

302 qw the Shooter (level 6, -1/51 HPs)
             Began as a Minotaur Hexslinger on July 13, 2023.
             Killed from afar by an electric eel (11 damage)
             ... with a bolt of electricity
             ... on level 6 of the Dungeon.
             The game lasted 00:01:01 (2257 turns).

qw the Shooter (Minotaur Hexslinger)                Turns: 2257, Time: 00:01:01

Health: -1/51      AC: 11    Str: 13    XL:     6   Next: 14%
Magic:  6/6        EV: 11    Int: 10    God:
Gold:   286        SH:  0    Dex: 14    Spells: 6/7 levels left

rFire   . . .        Y - +1 sling
rCold   + . .        (no shield)
rNeg    . . .        b - +0 ring mail
rPois   .            (helmet restricted)
rElec   .            d - +1 cloak
rCorr   .            e - +0 pair of gloves
SInv    .            j - +2 pair of boots
Will    .....        (no amulet)
Stlth   +            h - ring of protection from cold
HPRegen 0.28/turn    (no ring)
MPRegen 0.10/turn

%: no passive effects
@: about to teleport
A: horns 2, retaliatory headbutt
a: no special abilities


You were on level 6 of the Dungeon.
You visited 1 branch of the dungeon, and saw 5 of its levels.

You collected 286 gold pieces.


Innate Abilities, Weirdness & Mutations

You have a pair of horns on your head.
You reflexively headbutt those who attack you in melee.


   Skills:
 + Level 3.2 Fighting
 - Level 6.2 Ranged Weapons
 - Level 2.0 Armour
 - Level 2.1 Dodging
 - Level 1.0 Spellcasting
 - Level 2.0 Hexes


You had 6 spell levels left.
You knew the following spells:

 Your Spells              Type           Power      Damage    Failure   Level
a - Slow                  Hex            16%        N/A       32%         1

Your spell library contained the following spells:

 Spells                   Type           Power      Damage    Failure   Level
 Inner Flame              Hex/Fire       2%         N/A       82%         3
 Portal Projectile        Hex/Tloc       4%         N/A       82%         3
 Cause Fear               Hex            2%         N/A       97%         4

Inventory:

Hand Weapons
 Y - a +1 sling (weapon)
Armour
 b - a +0 ring mail (worn)
 d - a +1 cloak (worn)
 e - a +0 pair of gloves (worn)
 j - a +2 pair of boots (worn)
Jewellery
 h - a ring of protection from cold (left hand)
Scrolls
 a - a scroll of identify
Potions
 c - a potion of cancellation
 f - a potion of enlightenment {unknown}
 g - a potion of curing
 k - a potion of attraction {unknown}

Dungeon Overview and Level Annotations

Branches:
Dungeon (6/15)
 Temple: D:4-7

Altars:
Elyvilon

Annotations:
D:6 exclusion: 3 electric eels


Message History

The electric eel shoots out a bolt of lightning at you!
The bolt of electricity hits you!
You shoot a sling bullet.
The sling bullet closely misses the electric eel.
The electric eel shoots out a bolt of lightning at you!
The bolt of electricity hits you!
You shoot a sling bullet.
The sling bullet barely misses the electric eel.
You shoot a sling bullet.
The sling bullet barely misses the electric eel.
An electric eel comes into view.
You shoot a sling bullet. The sling bullet hits the electric eel!
The electric eel is heavily wounded.
The electric eel shoots out a bolt of lightning at you!
The bolt of electricity hits you!
You shoot a sling bullet.
The sling bullet barely misses the electric eel.
The electric eel shoots out a bolt of lightning at you!
The bolt of electricity hits you!
The electric eel shoots out a bolt of lightning at you!
The bolt of electricity hits the plant!
The plant begins to die.
The bolt of electricity misses you.
2255 ||| UPGRADING to ring of protection from cold.
h - a ring of protection from cold (left hand)
Enter note:
Enter note: The electric eel shoots out a bolt of lightning at you!
The bolt of electricity hits the plant.
The bolt of electricity hits you.
Enter note:
Enter note:
2257 ||| READING scroll of teleportation.
As you read the scroll of teleportation, it crumbles to dust.
You feel strangely unstable.
The electric eel shoots out a bolt of lightning at you!
The bolt of electricity hits the plant!
The bolt of electricity misses you.
The electric eel shoots out a bolt of lightning at you!
The bolt of electricity hits the electric eel.
The electric eel completely resists.
The bolt of electricity hits the plant!
The bolt of electricity hits you!
You die...

#........#.............
....8#..##8##.###........
..# #...##...###........
......##.##..........
........#..##..........
....#..###.###...........
.#...#. ##..#....#..#...
#..8.####8......[#..#...
............@...........
..................
.....~~~~~~77~.##.
.7~P7~P7~7P~7~~~
7PPP77P~~7~~~~~~ 7~~
~P~~~~S7~~ ~ ~~~~~~~~S~~
~~~ ~~~ ~~


You could see 2 electric eels.

Vanquished Creatures
  An ogre (D:4)
  A hound (D:4)
  An iguana (D:3)
  4 gnolls (D:3)
  5 adders
  3 worms (D:2)
  4 dart slugs
  4 bats
  5 endoplasms
  5 giant cockroaches
  5 goblins
  5 hobgoblins
  5 jackals
  5 ball pythons
  A frilled lizard (D:2)
  7 kobolds
  5 rats
66 creatures vanquished.

Notes
Turn   | Place    | Note
-------+----------+-------------------------------------------
     0 | D:1      | qw the Minotaur Hexslinger began the quest for the Orb.
     0 | D:1      | Reached XP level 1. HP: 16/16 MP: 1/1
     0 | D:1      | 0 ||| qw: Version: 0.3-a-52-g30416fa
     0 | D:1      | 0 ||| qw: Game counter: 6949
     0 | D:1      | 0 ||| qw: Melee chars always use a shield: true
     0 | D:1      | 0 ||| qw: God list: Okawaru
     0 | D:1      | 0 ||| qw: Allow faded altars: false
     0 | D:1      | 0 ||| qw: Do Orc after clearing Dungeon:15 true
     0 | D:1      | 0 ||| qw: Do second Lair branch before Depths: true
     0 | D:1      | 0 ||| qw: Lair rune preference: random
     0 | D:1      | 0 ||| qw: Goals: Normal
     0 | D:1      | 0 ||| PLANNING D:1-11
   200 | D:1      | Reached skill level 3 in Ranged Weapons
   280 | D:1      | Reached XP level 2. HP: 23/23 MP: 2/2
   333 | D:1      | 333 ||| FLEEEEING.
   336 | D:1      | 336 ||| FLEEEEING.
   337 | D:1      | 337 ||| FLEEEEING.
   338 | D:1      | 338 ||| FLEEEEING.
   368 | D:1      | Found a faded altar of an unknown god.
   561 | D:1      | 561 ||| UPGRADING to +0 leather armour.
   571 | D:1      | 571 ||| DROPPING +0 robe.
   572 | D:1      | 572 ||| DROPPING ring of flight.
   573 | D:1      | 573 ||| READING 2 scrolls labelled ICWEURGHINU.
   574 | D:1      | 574 ||| READING scroll labelled VEASHR ILOI.
   575 | D:1      | 575 ||| READING 3 scrolls labelled BUC OLYRAIRHU.
   580 | D:1      | 580 ||| DRINKING 2 viscous amethyst potions.
   581 | D:1      | 581 ||| DROPPING scroll of poison.
   597 | D:2      | 597 ||| STAIRDANCE
   601 | D:1      | Reached XP level 3. HP: 10/29 MP: 3/3
   602 | D:1      | HP: 6/29 [poisoned by an adder]
   607 | D:1      | HP: 3/29 [poisoned by an adder]
   745 | D:2      | Reached skill level 4 in Ranged Weapons
   833 | D:2      | Reached XP level 4. HP: 36/36 MP: 4/4
  1091 | D:2      | Found a white marble altar of Elyvilon.
  1132 | D:2      | 1132 ||| UPGRADING to +1 cloak.
  1137 | D:2      | 1137 ||| UPGRADING to +0 pair of gloves.
  1142 | D:2      | 1142 ||| READING scroll labelled VIOLIAPANI.
  1143 | D:2      | 1143 ||| READING 2 scrolls of identify.
  1143 | D:2      | 1143 ||| IDENTIFYING cyan potion
  1144 | D:2      | 1144 ||| DROPPING potion of degeneration.
  1440 | D:3      | 1440 ||| Stepping ~*~*~tactically~*~*~ (outnumbered).
  1445 | D:3      | Reached skill level 5 in Ranged Weapons
  1451 | D:3      | HP: 8/37 [gnoll/+0 spear (3)]
  1452 | D:3      | 1452 ||| READING 2 scrolls of teleportation.
  1453 | D:3      | HP: 3/37 [gnoll/+0 spear (2)]
  1645 | D:3      | Reached skill level 3 in Fighting
  1700 | D:3      | Reached XP level 5. HP: 45/45 MP: 5/5
  1951 | D:3      | 1951 ||| UPGRADING to +0 ring mail.
  1961 | D:3      | 1961 ||| DROPPING +0 leather armour.
  1962 | D:3      | 1962 ||| UPGRADING to +2 pair of boots.
  1967 | D:3      | 1967 ||| READING 2 scrolls of identify.
  1967 | D:3      | 1967 ||| IDENTIFYING golden potion
  2075 | D:4      | Noticed an ogre
  2085 | D:4      | Killed an ogre
  2086 | D:4      | Reached skill level 6 in Ranged Weapons
  2086 | D:4      | Reached XP level 6. HP: 33/51 MP: 6/6
  2107 | D:4      | 2107 ||| FLEEEEING.
  2227 | D:4      | You fall into a shaft and drop 2 floors!
  2240 | D:6      | 2240 ||| PLANNING OSSUARY
  2255 | D:6      | 2255 ||| UPGRADING to ring of protection from cold.
  2256 | D:6      | HP: 10/51 [electric eel/bolt of electricity (6)]
  2257 | D:6      | 2257 ||| READING scroll of teleportation.
  2257 | D:6      | Killed from afar by an electric eel

Levels and vault maps discovered:
D:1:      wander_arrival_estate, layout_basic, shapermc_ecumenical_altar_venn
D:2:      layout_rooms, basic_altar
D:3:      layout_basic, minmay_misc_feat_x, minivault_27, grunt_ministairs_8
D:4:      nicolae_BIG_FREAKIN_CUBE, layout_loops_ring,
          mainiacjoe_overflow_large_starburst, minmay_temple_entry_overgrown
D:6:      layout_cave_pools, lightli_ossuary_entry_decrepit_ruins,
          gammafunk_ghost_nasty_kobolds, serial_bayou_lake_a, uniq_pikel

Skill      XL: |  1  2  3  4  5 |
---------------+----------------+-----
Ranged Weapons | 3 4 5 6 |  6.2
Fighting       | 2 3 |  3.2
Armour         | 2 |  2.0
Dodging        | |  2.1
Spellcasting   | |  1.0
Hexes          | |  2.0

Action                     |  1- 3 |  4- 6 || total
---------------------------+-------+-------++-------
   Fire: Sling             |    95 |   118 ||   213
    Use: Scroll            |     3 |     5 ||     8
         Potion            |     1 |       ||     1
 Armour: Robe              |     3 |       ||     3
         Leather armour    |    12 |    15 ||    27
         Ring mail         |       |    11 ||    11
  Dodge: Dodged            |    33 |    37 ||    70

Table legend:
 A = Non-vault XP
 B = Vault XP
 C = Vault XP percentage of total XP
 D = Non-vault monster count
 E = Vault monster count
 F = Vault count percentage of total count
                 A         B        C        D         E       F
            +---------+---------+-------+---------+---------+-------
      Total |     424 |       8 |   1.9 |      63 |       3 |   4.5
            +---------+---------+-------+---------+---------+-------
        D:1 |      52 |       0 |   0.0 |      17 |       0 |   0.0
        D:2 |      64 |       0 |   0.0 |      18 |       0 |   0.0
        D:3 |     128 |       8 |   5.9 |      17 |       3 |  15.0
        D:4 |     180 |       0 |   0.0 |      11 |       0 |   0.0
            +---------+---------+-------+---------+---------+-------
